Unix NetHack Version 5.0.0-0 post-release - last build Jun 10 2026 00:39:30 (3ee93aec679c4c4259841fe613dc97188e26a321,branch:main).

Game began 2026-06-24 13:35:23, ended 2026-06-24 13:49:52.

DaveT, lawful male human Priest

                                              ---------
      --------                                |........#
      |!!!!!.-#                               |....>..|#
      |!!!!!.|#          ---------            ---.-----#         -------------
      |!!!!!.|#          |.......|            ####     #         |.......o|..|
      |!!!!!.|#          |.......-####       ##        #         |.-----.--..|
      |!!!!!.|##         |......<|   #       #         #         |...........|
      -------- #         --+---.--   #       #         #         |...........|
               #           `  ##     #  -----.---      #         |...........|
               ###         #  #      ###.....>..|     ##         |...........|
                 #         ####         |.......|     #          ............|
                 ###        q           |.......|     #          |...........|
                   #    ####:           |.......|   ###          |...........|
      ----         #   -.---q---        |.......|   #  #         |...........|
      |...#############|....@..|        |.......|   #--|--       |.%.........|
      |..|            #........|        ---------   #.....#######-...........|
      ----             |.......|                     |`..|       -------------
                       ---------                     -|---
                                                      #
DaveT the Adept              St:15 Dx:12 Co:14 In:10 Wi:18 Ch:10  Lawful
Dlvl:2  $:3442 HP:0(47) Pw:78(78) AC:2  Xp:6 T:3794  Burdened

Latest messages:
 What do you want to use or apply? [gho-qsADF or ?*] D
 You now wield a pick-axe.
 In what direction do you want to dig? [ykulnjb>] l
 You continue digging.
 You hit the rock with all your might.
 You succeed in cutting away some rock.
 What do you want to wield? [- ajDGLN or ?*] a
 a - a blessed +1 mace (weapon in right hand).
 What do you want to eat? [efkp or ?*] ?
 This cream pie is delicious!
 The rothe misses!
 The rothe bites!
 The rothe misses!
 You miss the rothe.
 You hit the rothe!
 The rothe hits!
 The rothe bites!
 The rothe bites again!
 You miss the rothe.
 The rothe hits!
 The rothe misses!
 The rothe bites!
 The rothe just misses!
 The rothe misses!
 The rothe misses!
 The rothe misses!
 The rothe misses!
 The rothe bites!
 You miss the rothe.
 The rothe misses!
 The rothe bites!
 The rothe bites again!
 You hit the rothe!
 The rothe misses!
 The rothe bites!
 The rothe misses!
 The rothe hits!
 The rothe bites!
 The rothe misses!
 You hit the rothe.
 The rothe hits!
 The rothe bites!
 The rothe bites again!
 You miss the rothe.
 The rothe hits!
 The rothe bites!
 The rothe bites again!
 You die...
 Do you want your possessions identified? [ynq] (y) y
 Do you want to see your attributes? [ynq] (y) q

Inventory:
 Coins    ('$')
  $ - 3442 gold pieces
 Weapons  (')')
  G - 11 cursed -1 ya
  j - a +0 crossbow
  L - 2 +0 darts
  N - a +0 orcish dagger
  a - a blessed +1 mace (weapon in right hand)
 Armor    ('[')
  c - a +2 small shield (being worn)
  r - a fireproof +2 cloak of invisibility
  z - a +0 mummy wrapping
  b - a +0 robe (being worn)
  t - a +0 ring mail (being worn)
 Comestibles  ('%')
  e - a clove of garlic
  p - 2 cream pies
  k - 2 food rations
  f - a sprig of wolfsbane
 Scrolls  ('?')
  v - 2 scrolls of blank paper
  O - a scroll of teleportation
 Spellbooks  ('+')
  h - a spellbook of clairvoyance
  g - a spellbook of healing
 Potions  ('!')
  J - a cursed potion of healing
  d - 4 potions of holy water
  n - a potion of water
 Rings    ('=')
  C - a ring of hunger (on left hand)
 Wands    ('/')
  A - a wand of sleep (0:3)
 Tools    ('(')
  o - a brass lantern (lit)
  F - a magic whistle
  D - a +0 pick-axe
  s - 4 tallow candles
  q - a tin opener
 Gems/Stones  ('*')
  y - a worthless piece of yellowish brown glass

DaveT the Priest's attributes:

Background:
 You were an Adept, a level 6 human Priest.
 You were lawful, on a mission for Quetzalcoatl
 who was opposed by Camaxtli (neutral) and Huhetotl (chaotic).
 You were right-handed.
 You were in the Dungeons of Doom, on level 2.
 You entered the dungeon 3794 turns ago.
 You had 427 experience points, 213 more were needed to attain level 7.

Basics:
 You had 0 out of 47 hit points.
 You had all 78 energy points (spell power).
 Your armor class was 2.
 Your wallet contained 3442 zorkmids.
 Autopickup was off.

Final Characteristics:
 Your strength was 15 (limit:18/100).
 Your dexterity was 12 (limit:18).
 Your constitution was 14 (limit:18).
 Your intelligence was 10 (limit:18).
 Your wisdom was 18 (limit:18).
 Your charisma was 10 (limit:18).

Final Status:
 You hungered rapidly.
 You weren't hungry.
 You were burdened; movement was slightly slowed.
 You were wielding a mace.
 You were skilled in mace.

Final Attributes:
 You were piously aligned.
 You were fire resistant.
 You were guarded.
 Your spell casting was impaired by metallic armor, mitigated by your robe.
 You are dead.

Miscellaneous:
 You didn't encounter any bones levels.
 Total elapsed playing time was 14 minutes and 28 seconds.

Major events:
 Turn
    1: DaveT the lawful human Priest entered the dungeon
  322: performed his first genocide (rust monsters)
  604: entered the Gnomish Mines
  671: attained the rank of Acolyte (level 3)
 3310: attained the rank of Adept (level 6)
 3794: killed by a rothe

Spells:
 Name                 Level Category     Fail Retention
 healing                1   healing       13%  76%-100%
 clairvoyance           3   divination    98%  76%-100%

Skills:
 Fighting Skills
   bare handed combat [Unskilled]
 Weapon Skills
   club               [Unskilled]
   mace               [Skilled]
   morning star       [Unskilled]
   flail              [Unskilled]
   hammer             [Unskilled]
   quarterstaff       [Unskilled]
   polearms           [Unskilled]
   spear              [Unskilled]
   trident            [Unskilled]
   lance              [Unskilled]
   bow                [Unskilled]
   sling              [Unskilled]
   crossbow           [Unskilled]
   dart               [Unskilled]
   shuriken           [Unskilled]
   boomerang          [Unskilled]
   unicorn horn       [Unskilled]
 Spellcasting Skills
   healing spells     [Unskilled]
   divination spells  [Unskilled]
   clerical spells    [Basic]

Voluntary challenges:
 Character rerolling was not enabled.
 You genocided 1 type of monster.
 You never polymorphed an object.
 You never changed form.
 You used no wishes.
Achievements:
 You entered a shop.
 You entered the Gnomish Mines.
 You attained the rank of Acolyte.
 You attained the rank of Adept.

 The Dungeons of Doom: levels 1 to 7
    Level 1:
       Some fountains.
    Level 2: "empty vault" <- You were here.
       A potion shop.
       Stairs down to The Gnomish Mines.
       Final resting place for
          you, killed by a rothe.
    Level 3: "empty valut"
       A food shop, a fountain, a sink.
    Level 4:
       Some fountains.
    Level 5:
    Level 6:
       A ring shop, a sink.
    Level 7:
 The Gnomish Mines:
    Level 3:


Vanquished creatures:
  a leprechaun
  a gnome mummy
  a mountain nymph
  a rock piercer
  3 gnome leaders
  a gray ooze
  a paper golem
  2 giant ants
  a kitten
  a dwarf
  a kobold leader
  a kobold shaman
  6 rothes
  a rabid rat
  2 centipedes
  a wererat
  2 acid blobs
  4 coyotes
  a gas spore
  3 hobgoblins
  a green mold
  a red mold
  7 gnomes
  5 geckos
  2 jackals
  a fox
  2 kobolds
  6 grid bugs
  2 bats
  7 lichens
  a kobold zombie
  5 newts
75 creatures vanquished.

Genocided species:
 rust monsters
1 species genocided.

Game over:
                       ----------
                      /          \
                     /    REST    \
                    /      IN      \
                   /     PEACE      \
                  /                  \
                  |      DaveT       |
                  |     3442 Au      |
                  |   killed by a    |
                  |      rothe       |
                  |                  |
                  |                  |
                  |       2026       |
                 *|     *  *  *      | *
        _________)/\\_//(\/(/\)/\//\/|_)_______

Goodbye DaveT the Priest...

You died in The Dungeons of Doom on dungeon level 2 with 5162 points,
and 3442 pieces of gold, after 3794 moves.
You were level 6 with a maximum of 47 hit points when you died.

